 Dungeon Crawl Stone Soup version 0.26-a0-812-g31a745ddcd (webtiles) character file.

Game seed: 373971702613037535

10763 kae the Cleaver (level 11, -5/99 HPs)
             Began as a Hill Orc Fighter on Nov 27, 2020.
             Was a High Priest of Qazlal.
             Shot with an arrow by a centaur (6 damage)
             ... on level 11 of the Dungeon.
             The game lasted 00:06:31 (11021 turns).

kae the Cleaver (Hill Orc Fighter)                 Turns: 11021, Time: 00:06:32

Health: -5/99      AC: 13    Str: 23    XL:     11   Next: 67%
Magic:  0/17       EV: 10    Int:  8    God:    Qazlal [*****.]
Gold:   679        SH: 16    Dex: 10    Spells: 10/10 levels left

rFire    . . .     SeeInvis +   w - +3 war axe (freeze)
rCold    . . .     Faith    .   c - +0 kite shield
rNeg     . . .     Spirit   +   b - +0 scale mail
rPois    .         Reflect  .   p - +1 helmet {SInv}
rElec    .         Harm     .   (no cloak)
rCorr    .         Rampage  .   (no gloves)
MR       .....                  (no boots)
Stlth    ..........             g - amulet of guardian spirit
HPRegen  0.26/turn              f - ring of see invisible
MPRegen  0.15/turn              n - +4 ring of slaying

@: protected from physical damage, lightly drained, repel missiles
A: no striking features
a: Upheaval, Elemental Force, Disaster Area, Renounce Religion


You were on level 11 of the Dungeon.
You worshipped Qazlal.
Qazlal was extremely pleased with you.
You visited 2 branches of the dungeon, and saw 12 of its levels.
You also visited: Bailey.

You collected 679 gold pieces.

Inventory:

Hand Weapons
 w - a +3 war axe of freezing (weapon)
 y - a +1 battleaxe
Armour
 b - a +0 scale mail (worn)
 c - a +0 kite shield (worn)
 p - a +1 helmet of see invisible (worn)
Jewellery
 e - an uncursed ring of flight
 f - a ring of see invisible (left hand)
 g - an amulet of guardian spirit (around neck)
 n - a +4 ring of slaying (right hand)
 o - an uncursed ring of wizardry
 D - a +4 ring of evasion {unknown}
 F - an uncursed amulet of regeneration {unknown}
 I - an uncursed ring of resist corrosion {unknown}
Wands
 j - a wand of random effects (19)
 E - a wand of acid (9)
Scrolls
 a - 2 scrolls of teleportation
 l - 5 scrolls of remove curse
 q - 2 scrolls of identify
 r - a scroll of enchant armour
 s - 2 scrolls of fear
 u - 2 scrolls of blinking
 x - 2 scrolls of amnesia
 C - a scroll of noise {unknown}
 G - a scroll of enchant weapon
 H - a scroll of magic mapping
Potions
 d - 3 potions of might
 h - 5 potions of brilliance
 i - 2 potions of flight
 k - a potion of magic
 m - 3 potions of lignification
 t - 3 potions of haste
 v - 2 potions of berserk rage
 z - a potion of heal wounds
 A - 2 potions of attraction
 B - a potion of curing


   Skills:
 + Level 9.6(9.3) Fighting
 * Level 13.7(13.3) Axes
 + Level 9.0(8.7) Armour
 + Level 5.3(5.0) Dodging
 - Level 5.1(4.9) Shields
 + Level 8.6(8.3) Invocations


You had 10 spell levels left.
You didn't know any spells.
Your spell library contained the following spells:

 Spells                   Type           Power        Failure   Level
 Animate Skeleton         Necr           #.....       98%         1
 Apportation              Tloc           #.....       98%         1
 Beastly Appendage        Tmut           #.....       98%         1
 Corona                   Hex            #......      98%         1
 Magic Dart               Conj           #...         98%         1
 Summon Small Mammal      Summ           #...         98%         1
 Blink                    Tloc           N/A          99%         2
 Call Imp                 Summ           #.......     99%         2
 Searing Ray              Conj           #.....       99%         2
 Slow                     Hex            #.......     99%         2
 Wereblood                Tmut           #.......     99%         2
 Conjure Flame            Conj/Fire      #.......     100%        3
 Dazzling Flash           Conj/Hex       #.....       100%        3
 Mephitic Cloud           Conj/Pois/Air  #.......     100%        3
 Spider Form              Tmut/Pois      #.........   100%        3
 Fulminant Prism          Conj/Hex       #.........   100%        4
 Ice Form                 Ice/Tmut       #.......     100%        4
 Iskenderun's Mystic Bla  Conj/Tloc      #.......     100%        4
 Blade Hands              Tmut           #.........   100%        5


Dungeon Overview and Level Annotations

Branches:
Dungeon (11/15)            Temple (1/1) D:4            Lair (0/6) D:9
    Orc (0/2) D:9          Bailey (visited)

Altars:
Ashenzari
Cheibriados
Dithmenos
Elyvilon
Fedhas
Gozag
Hepliaklqana
Kikubaaqudgha
Makhleb
Nemelex Xobeh
Okawaru
Qazlal
Ru
Sif Muna
Trog
Uskayaw
Vehumet
Wu Jian
Xom
Yredelemnul
Zin
The Shining One
Beogh

Shops:
D:4 (   D:7 (


Message History

The 14-headed hydra bites you but does no damage.
The 14-headed hydra bites you.
* * * LOW HITPOINT WARNING * * *
You block the 14-headed hydra's attack. x2
The 14-headed hydra bites you but does no damage.
The 14-headed hydra bites you!
* * * LOW HITPOINT WARNING * * *
You feel more protected from physical attacks.
The 14-headed hydra completely misses you.
The 14-headed hydra bites you.
* * * LOW HITPOINT WARNING * * *
The 14-headed hydra bites you but does no damage.
The 14-headed hydra bites you.
* * * LOW HITPOINT WARNING * * *
The 14-headed hydra bites you but does no damage.
Unknown command.
Unknown command.
The centaur wields a +0 shortbow.
The centaur shoots an arrow.
The arrow hits you!
You die...

###### <....# #..# #
####.# #..# ####.#
####.# #..# ## #....
##...#####..####.
..z.
8#..............°#○z#
#....#####..####Dczz#
..#..# #..#####(§#
###..#####)....(@.##
#........#####.##
#.######## .## #.# ##
#.# #.# #.# #.


You could see a centaur and 4 wights.

Vanquished Creatures
  Erolcha (D:9)
  2 two-headed ogres (D:8)
  A death yak (D:9)
  An ugly thing (D:11)
  A troll (D:9)
  3 wraiths
  7 yaks (D:10)
  The ghost of MoonlitKnight the Chopper, an amateur HOMo of Beogh (D:4)
  2 basilisks (D:9)
  2 wyverns
  2 ice beasts
  5 orc warriors
  2 black bears (D:8)
  5 sky beasts
  2 necrophages (D:11)
  A phantom (D:10)
  6 ogres
  A centaur (D:6)
  3 bullfrogs
  A wyvern zombie (D:10)
  A water moccasin zombie (D:7)
  A wyvern skeleton (D:7)
  4 scorpions
  A troll skeleton (D:11)
  15 wights
  A howler monkey (D:5)
  3 bullfrog zombies
  3 human zombies (D:11)
  3 quasits
  4 orc priests
  A bullfrog skeleton (D:8)
  7 hounds
  3 jellies
  7 orc wizards
  A centaur skeleton (D:5)
  4 iguanas
  10 worker ants
  An ogre zombie (D:11)
  A hound zombie (D:11)
  2 hound skeletons
  2 mummies (D:11)
  A worker ant zombie (D:5)
  21 gnolls
  A howler monkey skeleton (D:6)
  11 adders
  2 white imps
  3 ufetubi
  An ooze (D:2)
  3 adder zombies
  3 worms
  2 dart slugs
  3 leopard geckos
  50 orcs
  9 bats
  3 giant cockroaches
  3 hobgoblins (D:1)
  18 jackals
  8 kobolds
  4 quokkas
  A ball python (D:3)
  4 frilled lizards
  19 goblins
  2 jackal skeletons
  6 rats
302 creatures vanquished.

Notes
Turn   | Place    | Note
-------+----------+-------------------------------------------
     0 | D:1      | kae the Hill Orc Fighter began the quest for the Orb.
     0 | D:1      | Reached XP level 1. HP: 19/19 MP: 1/1
     2 | D:1      | Noticed a halfling
     2 | D:1      | Noticed a gargoyle
     4 | D:1      | Noticed a tengu
     6 | D:1      | Noticed an elf
     9 | D:1      | Noticed a centaur
     9 | D:1      | Noticed a troll
    11 | D:1      | Noticed a human
    13 | D:1      | Noticed a spriggan
    13 | D:1      | Noticed a dwarf
    15 | D:1      | Noticed an octopode
    15 | D:1      | Noticed a vampire
    17 | D:1      | Noticed a vine stalker
    17 | D:1      | Noticed a minotaur
    19 | D:1      | Noticed a draconian
    19 | D:1      | Noticed a formicid
    21 | D:1      | Noticed a demigod
    21 | D:1      | Noticed a demonspawn
    23 | D:1      | Noticed a naga
    23 | D:1      | Noticed a merfolk
    25 | D:1      | Noticed a ghoul
    25 | D:1      | Noticed a felid
    27 | D:1      | Noticed an ogre
   217 | D:1      | Reached skill level 3 in Axes
   217 | D:1      | Reached XP level 2. HP: 22/27 MP: 2/2
   953 | D:1      | Reached XP level 3. HP: 33/33 MP: 3/3
  1723 | D:2      | Found a shimmering blue altar of Sif Muna.
  1834 | D:2      | Reached skill level 4 in Axes
  1834 | D:2      | Reached XP level 4. HP: 40/40 MP: 4/4
  2079 | D:3      | Reached XP level 5. HP: 40/47 MP: 3/5
  2354 | D:3      | Reached skill level 5 in Axes
  2877 | D:4      | Found a runed translucent gate.
  2877 | D:4      | Found a runed translucent gate.
  2885 | D:4      | Reached XP level 6. HP: 51/53 MP: 6/6
  2895 | D:4      | Found a runed translucent gate.
  2895 | D:4      | Noticed MoonlitKnight's ghost (amateur HOMo)
  2898 | D:4      | Found a roughly hewn altar of Beogh.
  2990 | D:4      | Reached skill level 6 in Axes
  3069 | D:4      | Reached skill level 5 in Fighting
  3326 | D:4      | Reached XP level 7. HP: 41/61 MP: 4/7
  3621 | D:4      | Found Teufutz's Weapon Emporium.
  3647 | D:4      | Found a staircase to the Ecumenical Temple.
  3868 | D:4      | Identified the +7 trident of Onewnoo {drain, rElec MP-9
                  | Str+3}
  3928 | Temple   | Entered the Ecumenical Temple
  4177 | Temple   | Became a worshipper of Qazlal Stormbringer
  4252 | D:5      | Entered Level 5 of the Dungeon
  4280 | D:5      | Reached skill level 7 in Axes
  4280 | D:5      | Reached skill level 5 in Armour
  4280 | D:5      | Reached skill level 5 in Shields
  4602 | D:5      | Reached skill level 1 in Invocations
  4617 | D:5      | Reached XP level 8. HP: 70/70 MP: 7/9
  4919 | D:5      | Reached skill level 8 in Axes
  4919 | D:5      | Reached skill level 1 in Dodging
  5273 | D:6      | Found a shimmering blue altar of Sif Muna.
  5273 | D:6      | Found a blossoming altar of Fedhas.
  5274 | D:6      | Found a white marble altar of Elyvilon.
  5345 | D:6      | Reached * piety under Qazlal
  5480 | D:6      | Found a sparkling altar of Nemelex Xobeh.
  5496 | D:6      | Reached skill level 9 in Axes
  5926 | D:6      | Found a broken altar of Ashenzari.
  5999 | D:6      | Found a burning altar of Makhleb.
  6180 | D:6      | Reached XP level 9. HP: 78/78 MP: 11/11
  6300 | D:7      | Found Xoefux's Weapon Emporium.
  6309 | D:7      | Reached ** piety under Qazlal
  6521 | D:7      | Reached skill level 10 in Axes
  6697 | D:7      | Found a flagged portal.
  6707 | Bailey   | Entered a bailey
  6707 | Bailey   | Noticed an orc knight
  6707 | Bailey   | Noticed an orc knight
  6708 | Bailey   | Noticed an orc knight
  6713 | Bailey   | Noticed an orc knight
  6933 | D:7      | Found a hazy altar of Hepliaklqana.
  7012 | D:7      | Found an opulent altar of Gozag.
  7340 | D:8      | Reached skill level 5 in Invocations
  7449 | D:8      | Found a bloodstained altar of Trog.
  7462 | D:8      | Noticed a two-headed ogre
  7469 | D:8      | Killed a two-headed ogre
  7469 | D:8      | Reached skill level 11 in Axes
  7469 | D:8      | Reached XP level 10. HP: 65/88 MP: 9/14
  7851 | D:8      | Reached *** piety under Qazlal
  8115 | D:8      | Noticed a two-headed ogre
  8120 | D:8      | Killed a two-headed ogre
  8213 | D:8      | Found an iron altar of Okawaru.
  8391 | D:9      | Found a staircase to the Orcish Mines.
  8439 | D:9      | Found a burning altar of Makhleb.
  8462 | D:9      | Noticed Erolcha
  8469 | D:9      | Killed Erolcha
  8469 | D:9      | Reached skill level 12 in Axes
  8612 | D:9      | Found a staircase to the Lair.
  8613 | D:9      | Noticed a death yak
  8630 | D:9      | Killed a death yak
  8630 | D:9      | Reached XP level 11. HP: 35/95 MP: 5/16
  9071 | D:9      | Found a sacrificial altar of Ru.
  9630 | D:4      | Killed MoonlitKnight's ghost
  9906 | D:10     | Entered Level 10 of the Dungeon
 10049 | D:10     | Reached skill level 13 in Axes
 10050 | D:10     | Reached **** piety under Qazlal
 10258 | D:10     | Found a sacrificial altar of Ru.
 10409 | D:10     | Reached skill level 5 in Dodging
 10800 | D:11     | Noticed a brown ugly thing
 10809 | D:11     | Killed a brown ugly thing
 10920 | D:11     | Reached ***** piety under Qazlal
 10935 | D:11     | Found a basalt altar of Yredelemnul.
 11013 | D:11     | Noticed an eight-headed hydra
 11020 | D:11     | HP: 1/99 [14-headed hydra (4)]
 11021 | D:11     | Shot with an arrow by a centaur

Illustrated notes

Levels and vault maps discovered:
D:1:      kb_arrival_jail, layout_basic
D:2:      layout_loops_cross, kennysheep_pointless_box, lemuel_blue_sif_altar
D:3:      layout_loops_ring
D:4:      layout_rooms, temple_green, serial_shops, nicolae_shop_stone,
          biasface_ghost_orc_armoury, kennysheep_cluttered_room
D:5:      layout_basic
D:6:      layout_loops_ring, nicolae_ashenzari_panopticon,
          nemelex_xobeh_ov_fountains_minmay, nicolae_overflow_quartered_altars
D:7:      layout_gridville, old_standard_altar, lemuel_round_altar,
          serial_shops, shop, enter_bailey_3
D:8:      layout_loops_ring, lemuel_round_altar, trog_ov_bears_minmay
D:9:      layout_loops_ring, lemuel_crystal_altar, david_lair_generic,
          david_orc_2, basic_altar, minivault_5, uniq_erolcha
D:10:     layout_roguey, basic_altar
D:11:     layout_loops_ring, lemuel_mausoleum_altar_yredelemnul
Temple:   minmay_temple_curvy_loop

Skill      XL: |  1  2  3  4  5  6  7  8  9 10 11 |
---------------+----------------------------------+-----
Axes           | 3 4 5 6 7 9 11 12 13 | 13.7
Fighting       | 4 5 6 7 8 9 |  9.6
Shields        | 4 5 |  5.1
Armour         | 4 5 6 7 8 9 |  9.0
Invocations    | 1 3 5 7 8 |  8.6
Dodging        | 2 3 4 5 |  5.3

Action                   |  1- 3 |  4- 6 |  7- 9 | 10-12 || total
-------------------------+-------+-------+-------+-------++-------
Melee: War axe           |    94 |   121 |   276 |   305 ||   796
  Use: Scroll            |     3 |       |    17 |       ||    20
       Potion            |       |     2 |       |       ||     2
Armor: Scale mail        |    41 |    44 |    74 |    78 ||   237
Dodge: Dodged            |    33 |    35 |    75 |    70 ||   213
Block: Kite shield       |    42 |    63 |   172 |   185 ||   462

Table legend: (Time is in decaauts)
 A = Elapsed time spent in this place.
 B = Non-inter-level travel time spent in this place.
 C = Inter-level travel time spent in this place.
 D = Time resting spent in this place.
 E = Time spent auto-exploring this place.
 F = Levels seen in this place.
 G = Mean time per level.
                   A        B        C        D        E       F      G
               +--------+--------+--------+--------+--------+-----+--------+
         Total |  11129 |  10427 |    702 |   1152 |   7645 |  13 |  856.1 |
       Dungeon |  10853 |  10214 |    639 |   1152 |   7461 |  11 |  986.6 |
        Temple |    268 |    205 |     63 |      0 |    184 |   1 |  268.0 |
        Bailey |      7 |      7 |      0 |      0 |      0 |   1 |    7.0 |
               +--------+--------+--------+--------+--------+-----+--------+

Top non-repeatable levels by time:
     D:3: 1238 daAuts
     D:6: 1148 daAuts
     D:1: 1145 daAuts
     D:8: 1121 daAuts
     D:9: 1111 daAuts
     D:5: 1034 daAuts
     D:7: 1019 daAuts
     D:4: 992 daAuts
     D:2: 934 daAuts
    D:10: 839 daAuts
  Temple: 268 daAuts
    D:11: 267 daAuts
  Bailey: 7 daAuts
